 Dungeon Crawl Stone Soup version 0.31-a0-819-gf6de2f5ab6 (webtiles) character file.

Game seed: 6469558758631926658

697 qw the Skirmisher (level 7, -6/44 HPs)
             Began as a Gargoyle Hunter on Sept 23, 2023.
             Was an Initiate of Okawaru.
             Mangled by Pikel
             ... wielding a +2 whip of electrocution
              (10 damage)
             ... on level 5 of the Dungeon.
             The game lasted 00:01:15 (3108 turns).

qw the Skirmisher (Gargoyle Hunter)                 Turns: 3108, Time: 00:01:16

Health: -6/44      AC: 11    Str: 15    XL:     7   Next: 65%
Magic:  7/7        EV: 16    Int:  9    God:    Okawaru [......]
Gold:   158        SH:  0    Dex: 15    Spells: 6/6 levels left

rFire   . . .        Y - +1 shortbow (flame)
rCold   . . .        (shield currently unavailable)
rNeg    + . .        j - +0 ring mail
rPois   inf          (no helmet)
rElec   +            (no cloak)
rCorr   .            (no gloves)
SInv    .            b - +0 pair of boots
Will    .....        (no amulet)
Stlth   +            c - +5 ring of evasion
HPRegen 0.27/turn    (no ring)
MPRegen 0.10/turn

%: no passive effects
@: no status effects
A: sickness immunity, AC +4, negative energy resistance 1, electricity
resistance, torment resistance 1, petrification resistance
a: Renounce Religion


You were on level 5 of the Dungeon.
You worshipped Okawaru.
Okawaru was noncommittal.
You visited 2 branches of the dungeon, and saw 7 of its levels.

You collected 212 gold pieces.
You spent 54 gold pieces at shops.


Innate Abilities, Weirdness & Mutations

You are immune to sickness and miasma.
Your stone body is resilient. (AC +4)
You are immune to poison.
You resist negative energy. (rN+)
You are resistant to electric shocks. (rElec)
You are resistant to unholy torment.
You are immune to petrification.


   Skills:
 + Level 4.9 Fighting
 - Level 8.0 Ranged Weapons
 - Level 1.0 Armour
 - Level 1.5 Dodging
 - Level 1.1 Stealth
 - Level 0.5 Invocations


You had 6 spell levels left.
You didn't know any spells.
Your spell library was empty.

Inventory:

Hand Weapons
 Y - a +1 shortbow of flaming (weapon)
Armour
 b - a +0 pair of boots (worn)
 j - a +0 ring mail (worn)
Jewellery
 c - a +5 ring of evasion (left hand)
 d - a ring of ice
Scrolls
 f - a scroll of identify
Potions
 a - a potion of resistance
 e - a potion of attraction {unknown}
 g - a potion of curing {unknown}
 i - a potion of lignification {unknown}
 k - 2 potions of might

Dungeon Overview and Level Annotations

Branches:
Dungeon (6/15)             Temple (1/1) D:4

Altars:
Cheibriados
Dithmenos
Gozag
Hepliaklqana
Makhleb
Nemelex Xobeh
Okawaru
Qazlal
Sif Muna
Trog
Vehumet
Wu Jian
Xom
The Shining One

Shops:
D:2 [

Annotations:
D:5 2 runed translucent doors, Eustachio, Pikel


Message History

3098 |||
Found retreat position at -2,-1 (floor) with 0 blocking monsters and 1 monsters attacking at destination at distance 2 x2
3098 ||| RETREEAATING.
3099 |||
Found retreat position at -1,0 (floor) with 0 blocking monsters and 1 monsters attacking at destination at distance 1
3099 ||| STILL RETREEAATING.
3100 ||| FLEEEEING.
Pikel misses you. The lemure barely misses you.
3101 |||
Found retreat position at -1,0 (floor) with 0 blocking monsters and 1 monsters attacking at destination at distance 1
3101 ||| Stepping ~*~*~tactically~*~*~ (retreating).
Pikel attacks as he pursues you!
Pikel hits you with a +2 whip of electrocution!
You closely miss Pikel.
Pikel is moderately wounded.
Pikel completely misses you.
You touch Pikel but do no damage.
Pikel is moderately wounded.
Pikel closely misses you.
You touch Pikel.
Pikel is moderately wounded.
Pikel hits you with a +2 whip of electrocution.
You barely miss Pikel.
Pikel is moderately wounded.
You condense into your normal self.
Your +1 shortbow of flaming unmelds from your body.
Your +0 pair of boots unmelds from your body.
Your +0 ring mail unmelds from your body.
Your +5 ring of evasion unmelds from your body.
Your +1 shortbow of flaming bursts into flame!
Pikel misses you.
You shoot an arrow. The arrow hits Pikel.
The arrow burns Pikel.
Pikel is severely wounded.
Pikel hits you with a +2 whip of electrocution.
You shoot an arrow. The arrow hits Pikel.
The arrow burns Pikel.
Pikel is severely wounded.
Pikel hits you with a +2 whip of electrocution!
You shoot an arrow. The arrow barely misses Pikel.
The arrow hits the lemure!
The arrow burns the lemure.
The lemure is heavily wounded.
Pikel hits you with a +2 whip of electrocution!
You die...
Pikel says, "Another soul for the market."

#.#.# #..# #.#.# #..#
#########.#.# #..#
......#...#.# #..#
#.......####++#
#...###...8#..#
#.#####...'....
#.#####.........8####
#...@K5...###........
###.######......###..####
#..........5....[....#
###.###<........##....+
#.........+...### .
#.........##..#
#.........+ #.........#
#.........#


You could see Pikel and 2 lemures.

Vanquished Creatures
  Sigmund (D:4)
  Menkaure (D:4)
  An ogre (D:4)
  A centaur (D:6)
  2 orc priests (D:4)
  A sleepcap (D:5)
  An iguana (D:4)
  6 adders
  A worm (D:3)
  4 dart slugs
  8 orcs
  6 ball pythons
  2 bats
  6 endoplasms
  7 giant cockroaches
  2 goblins
  9 hobgoblins
  4 jackals (D:3)
  2 quokkas
  A frilled lizard (D:1)
  6 kobolds
  2 rats (D:2)
74 creatures vanquished.

Notes
Turn   | Place    | Note
-------+----------+-------------------------------------------
     0 | D:1      | qw the Gargoyle Hunter began the quest for the Orb.
     0 | D:1      | Reached XP level 1. HP: 12/12 MP: 1/1
     0 | D:1      | 0 ||| qw: Version: 0.3-a-83-gcd0e7d8
     0 | D:1      | 0 ||| qw: Game counter: 1646
     0 | D:1      | 0 ||| qw: Melee chars always use a shield: true
     0 | D:1      | 0 ||| qw: God list: Okawaru
     0 | D:1      | 0 ||| qw: Allow faded altars: false
     0 | D:1      | 0 ||| qw: Do Orc after clearing Dungeon:15 true
     0 | D:1      | 0 ||| qw: Do second Lair branch before Depths: true
     0 | D:1      | 0 ||| qw: Lair rune preference: random
     0 | D:1      | 0 ||| qw: Goals: Normal
     0 | D:1      | 0 ||| PLANNING D:1-11
    60 | D:1      | Found a faded altar of an unknown god.
   584 | D:1      | Reached XP level 2. HP: 17/17 MP: 2/2
   676 | D:1      | 676 ||| READING scroll labelled OSMIUK NOOTAEHOSOT.
   677 | D:1      | 677 ||| DROPPING scroll of butterflies.
   883 | D:2      | 883 ||| FLEEEEING.
   885 | D:2      | 885 ||| STAIRDANCE
   893 | D:1      | 893 ||| READING scroll labelled XULEFO EDDEL.
   901 | D:2      | Found Hifuypp's Armour Boutique.
   919 | D:2      | 919 ||| SHOPLISTING +0 leather armour "Rilazyb" {rCorr}
                  | (175 gold, have 55).
   919 | D:2      | 919 ||| BUYING +0 pair of boots (54 gold).
   919 | D:2      | Bought a +0 pair of boots for 54 gold pieces
   919 | D:2      | 919 ||| SHOPLISTING +0 ring mail (48 gold, have 1).
   919 | D:2      | 919 ||| SHOPLISTING +2 pair of gloves of hurling (258 gold,
                  | have 1).
   922 | D:2      | Reached XP level 3. HP: 21/21 MP: 3/3
   997 | D:2      | Reached skill level 5 in Ranged Weapons
  1349 | D:2      | 1349 ||| UPGRADING to +0 pair of boots.
  1354 | D:2      | 1354 ||| UPGRADING to +0 ring mail.
  1364 | D:2      | 1364 ||| DROPPING +0 leather armour.
  1365 | D:2      | 1365 ||| READING scroll labelled ITREGR ERITHRI.
  1366 | D:2      | 1366 ||| READING scroll labelled ZOGYTHR JAUS.
  1488 | D:3      | Reached skill level 1 in Armour
  1491 | D:3      | Reached skill level 3 in Fighting
  1491 | D:3      | Reached XP level 4. HP: 28/28 MP: 4/4
  1632 | D:3      | You fall into a shaft and drop 3 floors!
  1660 | D:6      | Noticed a centaur
  1665 | D:6      | Killed a centaur
  1666 | D:6      | Reached skill level 6 in Ranged Weapons
  1666 | D:6      | Reached XP level 5. HP: 16/32 MP: 5/5
  1744 | D:6      | 1744 ||| READING scroll labelled YPSUUTZANWAKH.
  1745 | D:6      | 1745 ||| READING scroll labelled QONWUA LEAMUO.
  1746 | D:6      | 1746 ||| READING 2 scrolls of identify.
  1746 | D:6      | 1746 ||| IDENTIFYING bubbling brown potion
  1755 | D:5      | Entered Level 5 of the Dungeon
  1825 | D:5      | 1825 ||| READING 3 scrolls labelled TOFOQUS YCUCU.
  1926 | D:5      | 1926 ||| DROPPING 2 scrolls of silence.
  1967 | D:4      | Found a staircase to the Ecumenical Temple.
  1968 | D:4      | 1968 ||| PLANNING TEMPLE
  1980 | D:4      | Noticed an ogre
  1984 | D:4      | Killed an ogre
  1985 | D:4      | Reached XP level 6. HP: 33/40 MP: 6/6
  2015 | Temple   | Entered the Ecumenical Temple
  2016 | Temple   | 2016 ||| PLANNING OKAWARU WORSHIP
  2019 | Temple   | Became a worshipper of Warmaster Okawaru
  2020 | Temple   | 2020 ||| PLANNING D:1-11
  2028 | D:4      | 2028 ||| READING scroll labelled FUORIE CEPLET.
  2035 | D:4      | 2035 ||| FLEEEEING.
  2036 | D:4      | 2036 ||| FLEEEEING.
  2037 | D:4      | 2037 ||| STAIRDANCE
  2309 | D:3      | 2309 ||| UPGRADING to +5 ring of evasion.
  2310 | D:3      | 2310 ||| READING 2 scrolls of identify.
  2310 | D:3      | 2310 ||| IDENTIFYING metallic purple potion
  2311 | D:3      | 2311 ||| DROPPING potion of degeneration.
  2321 | D:4      | 2321 ||| STAIRDANCE
  2371 | D:4      | 2371 ||| STAIRDANCE
  2381 | D:4      | 2381 ||| STAIRDANCE
  2446 | D:4      | 2446 ||| READING 3 scrolls of brand weapon.
  2446 | D:4      | 2446 ||| BRANDING +1 shortbow of draining.
  2447 | D:4      | 2447 ||| READING 2 scrolls of brand weapon.
  2447 | D:4      | 2447 ||| BRANDING +1 shortbow of flaming.
  2448 | D:4      | 2448 ||| READING scroll of brand weapon.
  2448 | D:4      | 2448 ||| BRANDING +1 shortbow of freezing.
  2544 | D:4      | Noticed Menkaure
  2554 | D:4      | Killed Menkaure
  2555 | D:4      | Reached skill level 7 in Ranged Weapons
  2555 | D:4      | Reached XP level 7. HP: 33/44 MP: 7/7
  2688 | D:4      | Noticed Sigmund
  2703 | D:4      | Killed Sigmund
  2703 | D:4      | Reached * piety under Okawaru
  2849 | D:4      | 2849 ||| DRINKING 2 lumpy coppery potions.
  2953 | D:4      | 2953 ||| DRINKING 3 fuming red potions.
  2954 | D:4      | 2954 ||| DROPPING potion of berserk rage.
  2977 | D:5      | Noticed Eustachio
  2978 | D:5      | 2978 ||| INVOKING Heroism.
  3018 | D:5      | Found a large runed translucent door.
  3019 | D:5      | Found a large runed translucent door.
  3031 | D:5      | Reached skill level 8 in Ranged Weapons
  3049 | D:5      | Noticed Pikel
  3049 | D:5      | 3049 ||| RETREEAATING.
  3051 | D:5      | 3051 ||| RETREEAATING.
  3053 | D:5      | 3053 ||| RETREEAATING.
  3055 | D:5      | 3055 ||| RETREEAATING.
  3058 | D:5      | 3058 ||| Stepping ~*~*~tactically~*~*~ (retreating).
  3059 | D:5      | 3059 ||| STILL RETREEAATING.
  3080 | D:5      | 3080 ||| FLEEEEING.
  3081 | D:5      | 3081 ||| FLEEEEING.
  3082 | D:5      | 3082 ||| FLEEEEING.
  3083 | D:5      | 3083 ||| FLEEEEING.
  3084 | D:5      | 3084 ||| FLEEEEING.
  3085 | D:5      | 3085 ||| RETREEAATING.
  3086 | D:5      | 3086 ||| FLEEEEING.
  3087 | D:5      | 3087 ||| FLEEEEING.
  3088 | D:5      | 3088 ||| FLEEEEING.
  3089 | D:5      | 3089 ||| RETREEAATING.
  3090 | D:5      | 3090 ||| FLEEEEING.
  3091 | D:5      | 3091 ||| FLEEEEING.
  3092 | D:5      | 3092 ||| FLEEEEING.
  3093 | D:5      | 3093 ||| RETREEAATING.
  3094 | D:5      | 3094 ||| FLEEEEING.
  3095 | D:5      | 3095 ||| FLEEEEING.
  3096 | D:5      | 3096 ||| FLEEEEING.
  3097 | D:5      | 3097 ||| FLEEEEING.
  3098 | D:5      | 3098 ||| RETREEAATING.
  3099 | D:5      | 3099 ||| STILL RETREEAATING.
  3100 | D:5      | 3100 ||| FLEEEEING.
  3101 | D:5      | 3101 ||| Stepping ~*~*~tactically~*~*~ (retreating).
  3106 | D:5      | HP: 10/44 [Pikel/+2 whip of electrocution (4)]
  3107 | D:5      | HP: 4/44 [Pikel/+2 whip of electrocution (7)]
  3108 | D:5      | Mangled by Pikel

Levels and vault maps discovered:
D:1:      beargit_arrival_greenhouse, layout_basic,
          hellmonk_ecumenical_altar_heavens_door
D:2:      layout_basic, serial_shops, shop
D:3:      layout_rooms
D:4:      layout_rooms, minmay_temple_entry_proselytizer, uniq_menkaure,
          uniq_sigmund
D:5:      layout_basic, jmf_multi_god_temple2, nicolae_ru_awakened_eye,
          minmay_shop_grid_forest, uniq_pikel, uniq_grinder,
          uniq_crazy_yiuf_cottage, uniq_eustachio
D:6:      layout_basic, mainiacjoe_overflow_concentric_impassable,
          uniq_blork_the_orc
Temple:   zaba_magenta_temple

Skill      XL: |  1  2  3  4  5  6  7 |
---------------+----------------------+-----
Ranged Weapons | 5 6 7 8 |  8.0
Armour         | 1 |  1.0
Fighting       | 3 4 |  4.9
Dodging        | |  1.5
Stealth        | |  1.1
Invocations    | |  0.5

Action                     |  1- 3 |  4- 6 |  7- 9 || total
---------------------------+-------+-------+-------++-------
  Melee: Unarmed           |       |       |     4 ||     4
   Fire: Shortbow          |    86 |    90 |    51 ||   227
 Invoke: Heroism           |       |       |     1 ||     1
    Use: Scroll            |     4 |     9 |       ||    13
         Potion            |       |       |     2 ||     2
 Armour: Leather armour    |    10 |       |       ||    10
         Ring mail         |     9 |    19 |    16 ||    44
         Skin              |       |       |     6 ||     6
  Dodge: Dodged            |    16 |    27 |    25 ||    68

Table legend:
 A = Non-vault XP
 B = Vault XP
 C = Vault XP percentage of total XP
 D = Non-vault monster count
 E = Vault monster count
 F = Vault count percentage of total count
                 A         B        C        D         E       F
            +---------+---------+-------+---------+---------+-------
      Total |     552 |     444 |  44.6 |      71 |       3 |   4.1
            +---------+---------+-------+---------+---------+-------
        D:1 |      10 |       0 |   0.0 |       6 |       0 |   0.0
        D:2 |      56 |       0 |   0.0 |      19 |       0 |   0.0
        D:3 |      86 |       0 |   0.0 |      28 |       0 |   0.0
        D:4 |     255 |     444 |  63.5 |      16 |       3 |  15.8
        D:5 |      37 |       0 |   0.0 |       1 |       0 |   0.0
        D:6 |     108 |       0 |   0.0 |       1 |       0 |   0.0
            +---------+---------+-------+---------+---------+-------
